 Dungeon Crawl Stone Soup version 0.24-a0-201-gf2055891f0 (webtiles) character file.

Game seed: 11564709473737517945

18 MrRokkomies the Chucker (level 2, 0/31 HPs)
             Began as an Ogre Hunter on Mar 22, 2019.
             Slain by a gnoll
             ... wielding a +0 spear
              (13 damage)
             ... on level 1 of the Dungeon.
             The game lasted 00:01:09 (415 turns).

MrRokkomies the Chucker (Ogre Hunter)                Turns: 415, Time: 00:01:10

Health: 0/31       AC:  3    Str: 15    XL:     2   Next: 66%
Magic:  2/2        EV: 10    Int: 14    God:
Gold:   48         SH:  0    Dex:  9    Spells: 1/1 levels left

rFire    . . .     SeeInvis .   a - +0 spear
rCold    . . .     Gourm    .   (no shield)
rNeg     . . .     Faith    .   b - +0 robe
rPois    +         Spirit   .   (helmet restricted)
rElec    .         Reflect  .   (no cloak)
rCorr    .         Harm     .   (gloves unavailable)
MR       .....                  (boots unavailable)
Stlth    +.........             (no amulet)
HPRegen  0.10/turn              i - ring of poison resistance
MPRegen  0.08/turn              h - +2 ring of intelligence

@: no status effects
A: large, unfitting armour, tough skin 1
a: no special abilities


You were on level 1 of the Dungeon.
You were not hungry.

You visited 1 branch of the dungeon, and saw 1 of its levels.

You collected 48 gold pieces.

Inventory:

Hand Weapons
 a - a +0 spear (weapon)
Missiles
 c - 2 large rocks
 d - 2 throwing nets
 j - 26 stones (quivered)
Armour
 b - a +0 robe (worn)
Jewellery
 g - an uncursed ring of ice
 h - a +2 ring of intelligence (right hand)
 i - a ring of poison resistance (left hand)
Scrolls
 k - a scroll of magic mapping {unknown}
 l - a scroll of enchant armour {unknown}
Potions
 e - a potion of might {unknown}
Comestibles
 f - a ration


   Skills:
 * Level 3.5 Fighting
 * Level 4.3 Throwing
 - Level 1.7 Dodging
 - Level 0.6 Stealth


You had one spell level left.
You didn't know any spells.
Your spell library was empty.

Dungeon Overview and Level Annotations

Branches:
Dungeon (1/15)

Altars:


Innate Abilities, Weirdness & Mutations

You are too large for most types of armour.
You have tough skin. (AC +1)


Message History

Throwing (i - inventory. (/) - cycle)
j - 26 stones (quivered)
Press: ? - help, Shift-Dir - straight line, f/p - gnoll
Aim: a gnoll, wielding a +0 spear You throw a large rock.
The large rock barely misses the gnoll.
The gnoll hits you from afar with a +0 spear. x2
Fire/throw which item? (* to show all) (? for menu, Esc to quit)
Throwing (i - inventory. (/) - cycle)
j - 26 stones (quivered)
Press: ? - help, Shift-Dir - straight line, f/p - gnoll
Aim: a gnoll, wielding a +0 spear You throw a large rock.
The large rock closely misses the gnoll.
The gnoll closely misses you. The gnoll barely misses you.
Fire/throw which item? (* to show all) (? for menu, Esc to quit)
Throwing (i - inventory. (/) - cycle)
j - 26 stones (quivered)
Press: ? - help, Shift-Dir - straight line, f/p - gnoll
Aim: a gnoll, wielding a +0 spear You throw a large rock.
The large rock hits the gnoll!
The gnoll is severely wounded.
The gnoll hits you from afar with a +0 spear!
You die...

.[.)....#....#
........#....##
........#.#...#
........#..#..#
.........#.#..##
.........#.#...##
####..##...##...####
#..# ###........# #
.#.# #.....@..# . #
.# #........#
#..$....g#
#........#
#..!.....#
#........#
#........#
##########


You could see a gnoll.

Vanquished Creatures
  A dart slug (D:1)
  A bat (D:1)
  2 giant cockroaches (D:1)
  2 goblins (D:1)
  A hobgoblin (D:1)
  2 kobolds (D:1)
  4 frilled lizards (D:1)
  3 rats (D:1)
16 creatures vanquished.

Vanquished Creatures (others)
  5 toadstools (D:1)
5 creatures vanquished.

Grand Total: 21 creatures vanquished

Notes
Turn   | Place    | Note
-------+----------+-------------------------------------------
     0 | D:1      | MrRokkomies the Ogre Hunter began the quest for the Orb.
     0 | D:1      | Reached XP level 1. HP: 22/22 MP: 1/1
    86 | D:1      | Reached XP level 2. HP: 17/31 MP: 2/2
   415 | D:1      | Slain by a gnoll

Levels and vault maps discovered:
D:1:      wheals_arrival_shading, layout_rooms, minmay_gold_behind_fungi,
          minmay_distorted

Skill      XL: |  1 |
---------------+----+-----
Fighting       | 3 |  3.5
Throwing       | |  4.3
Dodging        | |  1.7
Stealth        | |  0.6

Action                   || total
-------------------------++-------
Melee: Short sword       ||    19
       Spear             ||    35
Throw: Large rock        ||     4
Armor: Robe              ||    11
Dodge: Dodged            ||    19

Table legend:
 A = Non-vault XP
 B = Vault XP
 C = Vault XP percentage of total XP
 D = Non-vault monster count
 E = Vault monster count
 F = Vault count percentage of total count
                 A         B        C        D         E       F
            +---------+---------+-------+---------+---------+-------
      Total |      22 |       4 |  15.4 |      15 |       1 |   6.2
            +---------+---------+-------+---------+---------+-------
        D:1 |      22 |       4 |  15.4 |      15 |       1 |   6.2
            +---------+---------+-------+---------+---------+-------
